 Dungeon Crawl Stone Soup version 0.27.0-1-g7a089689b8 (webtiles) character file.

Game seed: 2088384431273992218

1119 Smaepdii the Shooter (level 8, 0/42 HPs)
             Began as a Deep Elf Arcane Marksman on Aug 14, 2021.
             Was a Follower of Ru.
             Slain by a gnoll (6 damage)
             ... on level 5 of the Dungeon.
             The game lasted 00:35:31 (8982 turns).

Smaepdii the Shooter (Deep Elf Arcane Marksman)     Turns: 8982, Time: 00:35:32

Health: 0/42       AC:  1    Str:  7    XL:     8   Next: 12%
Magic:  12/12      EV: 15    Int: 19    God:    Ru [*.....]
Gold:   273        SH:  0    Dex: 17    Spells: 7/10 levels left

rFire    . . .     SeeInvis .   b - +3 rapier (freeze)
rCold    . . .     Faith    .   (no shield)
rNeg     . . .     Spirit   .   i - +1 ring mail
rPois    +         Reflect  .   (no helmet)
rElec    .         Harm     .   p - scarf {shadows}
rCorr    .         Rampage  .   (no gloves)
Will     .....                  (no boots)
Stlth    ++........             (no amulet)
HPRegen  0.14/turn              c - +4 ring of evasion
MPRegen  0.13/turn              y - ring of poison resistance

@: no status effects
A: reduced AC 1
a: Renounce Religion


You were on level 5 of the Dungeon.
You worshipped Ru.
Ru was aware of your devotion.
You visited 1 branch of the dungeon, and saw 5 of its levels.

You collected 273 gold pieces.

Inventory:

Hand Weapons
 a - a +0 shortbow
 b - a +3 rapier of freezing (weapon)
Missiles
 n - 17 arrows
Armour
 i - a +1 ring mail (worn)
 p - a scarf of shadows (worn)
Jewellery
 c - a +4 ring of evasion (left hand)
 k - a ring of ice
 w - a ring of flight
 y - a ring of poison resistance (right hand)
Scrolls
 d - a scroll of amnesia
 e - a scroll of blinking {unknown}
 g - 2 scrolls of teleportation
 h - a scroll of magic mapping
Potions
 f - a potion of cancellation
 j - a potion of might
 m - a potion of ambrosia
 s - 2 potions of flight
 u - a potion of lignification
 x - a potion of curing {unknown}


   Skills:
 - Level 0.7 Fighting
 + Level 3.3 Short Blades
 * Level 7.9 Bows
 + Level 5.2 Dodging
 + Level 4.8 Stealth
 - Level 1.5 Spellcasting
 + Level 6.4 Hexes


You had 7 spell levels left.
You knew the following spells:

 Your Spells              Type           Power      Damage    Failure   Level
a - Corona                Hex            28%        N/A       4%          1
b - Slow                  Hex            26%        N/A       7%          2

Your spell library contained the following spells:

 Spells                   Type           Power      Damage    Failure   Level
 Cause Fear               Hex            13%        N/A       41%         4
 Inner Flame              Hex/Fire       13%        N/A       45%         3
 Portal Projectile        Hex/Tloc       26%        N/A       45%         3
 Animate Skeleton         Necr           2%         N/A       54%         1
 Apportation              Tloc           2%         N/A       54%         1
 Beastly Appendage        Tmut           2%         N/A       54%         1
 Summon Small Mammal      Summ           4%         N/A       54%         1
 Wereblood                Tmut           1%         N/A       67%         2
 Spider Form              Tmut/Pois      0%         N/A       88%         3
 Summon Lightning Spire   Summ/Air       1%         N/A       99%         4
 Summon Forest            Summ/Tloc      0%         N/A       100%        5
 Eringya's Noxious Bog    Tmut/Pois      0%         N/A       100%        6
 Storm Form               Tmut/Air       0%         N/A       100%        7
 Summon Hydra             Summ           0%         N/A       100%        7
 Maxwell's Capacitive Co  Air            0%         ∞         100%        8


Dungeon Overview and Level Annotations

Branches:
Dungeon (5/15)
 Temple: D:4-7

Altars:
Ashenzari
Cheibriados
Dithmenos
Makhleb
Ru
Xom
Zin


Innate Abilities, Weirdness & Mutations

You take slightly more damage. (AC -5)


Message History

The gnoll is moderately wounded.
The gnoll hits you with a +0 club! The kobold barely misses you.
You hit the gnoll. You freeze the gnoll.
You kill the gnoll!
The kobold closely misses you.
You closely miss the kobold. The kobold barely misses you.
You miss the kobold. The kobold closely misses you.
You hit the kobold. You freeze the kobold.
You kill the kobold!
Items here: ))) ††.
You start resting.
A gnoll comes into view. It is wielding a +0 club.
There is an open door, spattered with blood here.
A gnoll comes into view. It is wielding a +0 spear.
Items here: ))) †††.
You barely miss the gnoll. The gnoll closely misses you.
You hit the gnoll. You freeze the gnoll.
The gnoll is heavily wounded.
You closely miss the gnoll.
The gnoll is heavily wounded.
The gnoll hits you from afar with a +0 spear.
The gnoll barely misses you.
You barely miss the gnoll.
The gnoll is heavily wounded.
The gnoll barely misses you. The gnoll closely misses you.
You hit the gnoll. You freeze the gnoll.
The gnoll is almost dead.
The gnoll misses you. The gnoll closely misses you.
You hit the gnoll. You freeze the gnoll.
You kill the gnoll!
The gnoll hits you from afar with a +0 spear!
* * * LOW HITPOINT WARNING * * *
The gnoll hits you from afar with a +0 spear.
* * * LOW HITPOINT WARNING * * *
There is an open door, spattered with blood here.
You see here a +0 club.
There is a large open door here.
The gnoll closely misses you.
You hit the gnoll but do no damage. The gnoll hits you with a +0 spear.
You die...

,,,,,,,,,...#......#).........###
,,,,,,,,,...'.[...)')...).....#
,,,,,,,,,...#.....)#)..(......#**
,,,,,*******##....#########......
,,,,,+,,,,,,,#....#,,,,,,.'......
,,,,,*,,,,,,,#....#,,,,...#......
###############''################
≈≈≈≈≈≈≈≈≈≈≈≈≈≈..g.≈≈≈≈≈≈≈≈≈≈≈≈≈≈≈
≈≈≈≈≈≈≈≈≈≈≈≈≈≈..@.≈≈≈≈≈≈≈≈≈≈≈≈≈≈≈
≈≈≈≈≈≈≈≈≈≈≈≈≈≈....≈≈≈≈≈≈≈≈≈≈≈≈≈≈≈
≈≈.≈≈.≈≈≈≈.≈.≈......≈≈≈..≈≈≈≈≈.≈.
.................................
.................................
.##......##..........#.........#.
..#......#........##..........#..
...................#.........)##.
..................##.........#...


You could see a gnoll.

Vanquished Creatures
  Eustachio (D:4)
  An ice beast (D:5)
  A centaur (D:5)
  An ogre (D:5)
  2 phantoms
  A kobold brigand (D:5)
  2 scorpions (D:4)
  A water moccasin zombie (D:5)
  A water moccasin skeleton (D:5)
  A gnoll shaman (D:4)
  An orc wizard (D:3)
  An iguana (D:4)
  A hound zombie (D:5)
  8 gnolls
  5 adders
  A dart slug (D:3)
  5 orcs
  6 bats
  4 endoplasms
  5 giant cockroaches
  4 goblins
  15 hobgoblins
  A jackal (D:3)
  20 kobolds
  5 quokkas
  7 ball pythons
  4 frilled lizards
  6 rats
111 creatures vanquished.

Notes
Turn   | Place    | Note
-------+----------+-------------------------------------------
     0 | D:1      | Smaepdii the Deep Elf Arcane Marksman began the quest for
                  | the Orb.
     0 | D:1      | Reached XP level 1. HP: 11/11 MP: 5/5
    80 | D:1      | Reached skill level 3 in Bows
   119 | D:1      | Reached XP level 2. HP: 16/16 MP: 6/6
   319 | D:1      | Reached skill level 1 in Stealth
   708 | D:1      | Found a faded altar of an unknown god.
   831 | D:1      | Learned a level 2 spell: Slow
   920 | D:2      | Reached XP level 3. HP: 20/20 MP: 7/7
  1257 | D:2      | Reached skill level 4 in Bows
  2255 | D:3      | Found a snail-covered altar of Cheibriados.
  2255 | D:3      | Found a shimmering altar of Xom.
  2609 | D:3      | Found a sacrificial altar of Ru.
  2636 | D:3      | Reached XP level 4. HP: 14/24 MP: 6/8
  2927 | D:3      | Became a worshipper of Ru the Awakened
  3837 | D:4      | Found a shadowy altar of Dithmenos.
  3895 | D:4      | Found a glowing silver altar of Zin.
  3935 | D:4      | Found a broken altar of Ashenzari.
  3989 | D:4      | Noticed a scorpion
  4075 | D:4      | Killed a scorpion
  4076 | D:4      | Reached skill level 1 in Short Blades
  4076 | D:4      | Reached skill level 5 in Bows
  4076 | D:4      | Reached XP level 5. HP: 12/28 MP: 6/9
  4385 | D:4      | Reached skill level 5 in Hexes
  4662 | D:4      | Noticed Eustachio
  4718 | D:4      | Noticed a phantom
  4916 | D:4      | Found a burning altar of Makhleb.
  4916 | D:4      | Noticed a balrug
  4976 | D:4      | Killed Eustachio
  4977 | D:4      | Reached skill level 6 in Bows
  4977 | D:4      | Reached XP level 6. HP: 6/33 MP: 8/10
  6154 | D:4      | Reached XP level 7. HP: 19/37 MP: 9/11
  6369 | D:4      | Identified the +6 flail of the Philosopher {freeze, rF+}
  6792 | D:5      | Entered Level 5 of the Dungeon
  6800 | D:5      | Identified a scroll of acquirement
  6800 | D:5      | Acquired a +3 rapier of freezing
  6992 | D:5      | Gained mutation: You take slightly more damage. (AC -5) [Ru
                  | sacrifice]
  6992 | D:5      | Reached * piety under Ru
  7020 | D:5      | Reached skill level 7 in Bows
  8032 | D:5      | Reached skill level 5 in Dodging
  8032 | D:5      | Reached XP level 8. HP: 14/42 MP: 12/12
  8982 | D:5      | Slain by a gnoll

Illustrated notes

Levels and vault maps discovered:
D:1:      evilmike_arrival_plus, layout_basic,
          dreamdust_ecumenical_altar_statues
D:2:      layout_basic
D:3:      layout_basic, nicolae_ru_great_annihilating_truth,
          jmf_multi_god_temple, minmay_misc_feat_rows, minmay_box_of_dots
D:4:      layout_basic, makhleb_altar_promises_db, mainiacjoe_overflow_24_doors,
          minitemple, uniq_eustachio
D:5:      minmay_goblin_kobold_castle, layout_cave_pools

Skill      XL: |  1  2  3  4  5  6  7 |
---------------+----------------------+-----
Bows           | 3 4 5 6 7 |  7.9
Stealth        | 1 2 3 4 |  4.8
Dodging        | 3 4 5 |  5.2
Short Blades   | 1 2 3 |  3.3
Hexes          | 5 6 |  6.4
Fighting       | |  0.7
Spellcasting   | |  1.5

Action                   |  1- 3 |  4- 6 |  7- 9 || total
-------------------------+-------+-------+-------++-------
Melee: Short sword       |    72 |    21 |       ||    93
       Dagger            |       |   139 |    10 ||   149
       Rapier            |       |       |    98 ||    98
 Fire: Shortbow          |   116 |    22 |    42 ||   180
 Cast: Corona            |    22 |    19 |     6 ||    47
       Slow              |       |    25 |    15 ||    40
Invok: Sacrifice Health  |       |       |     1 ||     1
  Use: Potion            |       |     1 |     1 ||     2
       Scroll            |       |     5 |    12 ||    17
 Stab: Sleeping          |       |     1 |       ||     1
       Distracted        |       |       |     1 ||     1
Armor: Robe              |     4 |       |       ||     4
       Ring mail         |    26 |    24 |     7 ||    57
Dodge: Dodged            |    93 |   115 |    87 ||   295
